cohdb
Replays
Latest Replays
All Replays
Popular Replays
Top Player Replays
Match Explorer
How It Works
Community
CoH3 Stats
Reddit
Sign in to upload your games and track your stats! →
Sign in with Steam
Match 38081884
Unlisted
Match 38081884
Overview
Messages
Build Orders
End
Kradschützen Motorcycle Team
Panzergrenadier Squad
Panzergrenadier Squad
Selects Armored Support Battlegroup
250 Light Carrier
Construct Light Support Kompanie
Assault Grenadier Squad
Construct Mechanized Kompanie
Selects Superior Fire Drills
Panzerjäger Mechanized Group
8 Rad Armored Car
Marder III Tank Destroyer
Vehicle Survival Package
Fire Support Elements
Selects Flammpanzer III Medium Tank
Flammpanzer III Medium Tank
2.5-tonne Medical Truck
StuG III D Assault Gun
Emergency Repair Kits
Rapid Advance
Wrathment
arni_w
0
0
Comments
sign in to comment!
No comments posted yet!